[Event "Stay Safe Play From Home 356"]
[Site "Emanuel Lasker Arena"]
[Date "2020.08.04"]
[Round "3"]
[White "Fischer_11"]
[Black "Ao017545"]
[Result "1-0"]
[WhiteElo "2114"]
[BlackElo "1673"]
[Annotator "NA RC"]
[PlyCount "31"]
[EventDate "2020.08.04"]
[EventType "swiss (blitz)"]
[TimeControl "60"]

1. e4 e5 2. Nc3 Nf6 3. Bc4 Bc5 4. d3 d6 5. f4 Ng4 6. f5 Nf2 7. Qh5 g6 8. Qh6 Qe7 9. Qg7 Qf8 10. Qf6 Nxh1 11. Nd5 Bb6 12. Qg5 c6 13. Nf6+ Ke7 14. Nxh7+ Ke8 15. Nf6+ Ke7 16. Nf3 {[%emt 0:00:01] Zaman (Lag: Av=0.59s, max=0.8s)} 1-0